 Dungeon Crawl Stone Soup version 0.26-a0-949-ga0cc1ef5f6 (webtiles) character file.

Game seed: 5122961383274817421

48421 jiml777 the Eclecticist (level 14, -2/70 HPs)
             Began as a Deep Elf Air Elementalist on Nov 28, 2020.
             Was an Elder of Sif Muna.
             Slain by a cane toad (28 damage)
             ... on level 3 of the Lair of Beasts on Nov 29, 2020.
             The game lasted 02:29:36 (25561 turns).

jiml777 the Eclecticist (DEAE)                     Turns: 25561, Time: 02:29:37

Health: -2/70      AC: 12    Str:  5    XL:     14   Next: 12%
Magic:  39/39      EV: 13    Int: 26    God:    Sif Muna [****..]
Gold:   642        SH:  4    Dex: 21    Spells: 22/51 levels left

rFire    . . .     SeeInvis +   f - +5 dagger (vamp)
rCold    + . .     Faith    .   T - +0 buckler
rNeg     . . .     Spirit   .   O - +2 robe {rC+}
rPois    .         Reflect  .   s - +2 helmet
rElec    .         Harm     .   M - +1 cloak "Usaass" {SInv}
rCorr    .         Rampage  .   (no gloves)
MR       ++...                  B - +2 pair of boots
Stlth    +++.......             (no amulet)
HPRegen  0.21/turn              H - ring of protection from magic
MPRegen  0.26/turn              u - +6 ring of dexterity

@: no status effects
A: no striking features
a: Channel Magic, Forget Spell, Divine Exegesis, Renounce Religion


You were on level 3 of the Lair of Beasts.
You worshipped Sif Muna.
Sif Muna was greatly pleased with you.
You visited 2 branches of the dungeon, and saw 15 of its levels.

You collected 816 gold pieces.
You spent 174 gold pieces at shops.

Inventory:

Hand Weapons
 f - a +5 vampiric dagger (weapon)
 q - a +2 dagger of holy wrath
 P - a +4 scimitar of flaming
Missiles
 c - 3 throwing nets
 g - 182 arrows
 m - 14 poisoned darts
 v - 3 curare-tipped darts
 G - 8 boomerangs of dispersal (quivered)
Armour
 h - a +1 hat
 i - a scarf of harm
 s - a +2 helmet (worn)
 B - a +2 pair of boots (worn)
 L - a +0 cloak
 M - the +1 cloak "Usaass" (worn) {SInv}
   (You found it on level 7 of the Dungeon)

   It lets you see invisible.
 O - a +2 robe of cold resistance (worn)
 T - a +0 buckler (worn)
Jewellery
 o - an uncursed ring of stealth
 u - a +6 ring of dexterity (right hand)
 H - a ring of protection from magic (left hand)
 I - an uncursed ring of resist corrosion
 N - an uncursed ring of ice
 Q - an uncursed ring of positive energy {unknown}
Wands
 a - a wand of disintegration (4)
 t - a wand of random effects (26)
 A - a wand of paralysis (12)
 E - a wand of flame (8)
 K - a wand of iceblast (4)
 S - a wand of digging (3)
Scrolls
 b - 2 scrolls of amnesia
 d - 7 scrolls of teleportation
 e - 4 scrolls of magic mapping
 j - 3 scrolls of immolation
 l - 5 scrolls of blinking
 p - 11 scrolls of remove curse
 x - a scroll of fear
 y - a scroll of summoning
 D - 2 scrolls of fog
 F - a scroll of vulnerability
 J - 4 scrolls of identify
 R - a scroll of enchant weapon
Potions
 k - a potion of haste
 n - a potion of lignification
 r - 3 potions of flight
 w - 2 potions of might
 z - 4 potions of brilliance
 C - 2 potions of mutation


   Skills:
 - Level 1.5 Fighting
 - Level 1.7 Short Blades
 + Level 2.4 Bows
 + Level 1.7 Throwing
 - Level 3.0 Dodging
 + Level 4.8 Stealth
 * Level 19.2 Spellcasting
 * Level 8.3 Conjurations
 + Level 2.4 Hexes
 + Level 2.3 Summonings
 + Level 2.2 Necromancy
 + Level 2.0 Translocations
 + Level 2.0 Fire Magic
 + Level 2.0 Ice Magic
 * Level 12.2 Air Magic
 * Level 8.0 Invocations
 * Level 8.0 Evocations


You had 22 spell levels left.
You knew the following spells:

 Your Spells              Type           Power        Failure   Level
a - Shock                 Conj/Air       ####         1%          1
b - Swiftness             Air            ######..     1%          2
c - Static Discharge      Conj/Air       ######..     1%          3
d - Airstrike             Air            ######....   1%          4
e - Lightning Bolt        Conj/Air       ######....   1%          5
f - Summon Lightning Spi  Summ/Air       ######..     1%          4
g - Blink                 Tloc           N/A          1%          2
h - Slow                  Hex            #####...     1%          2
i - Conjure Ball Lightni  Conj/Air       ######....   7%          6

Your spell library contained the following spells:

 Spells                   Type           Power        Failure   Level
 Magic Dart               Conj           ####         1%          1
 Summon Small Mammal      Summ           ####         1%          1
 Call Imp                 Summ           #####...     1%          2
 Conjure Flame            Conj/Fire      ######..     1%          3
 Mephitic Cloud           Conj/Pois/Air  ######..     1%          3
 Stone Arrow              Conj/Erth      #####.       1%          3
 Beastly Appendage        Tmut           ####..       3%          1
 Sandblast                Erth           ####..       3%          1
 Call Canine Familiar     Summ           #####...     3%          3
 Confusing Touch          Hex            #####...     3%          3
 Summon Guardian Golem    Hex/Summ       #####...     3%          3
 Sticky Flame             Conj/Fire      ######..     3%          4
 Passwall                 Tmut/Erth      ####....     4%          2
 Wereblood                Tmut           ####....     4%          2
 Gell's Gravitas          Tloc           #####.....   4%          3
 Spider Form              Tmut/Pois      ####......   9%          3
 Summon Ice Beast         Ice/Summ       #####...     12%         4
 Leda's Liquefaction      Hex/Erth       ####......   19%         4
 Ice Form                 Ice/Tmut       ####....     21%         4
 Petrify                  Tmut/Erth      ####....     30%         4
 Metabolic Englaciation   Hex/Ice        #####.....   32%         5
 Yara's Violent Unravell  Hex/Tmut       ####......   45%         5
 Blade Hands              Tmut           ####......   63%         5
 Lee's Rapid Deconstruct  Erth           ####......   63%         5
 Spellforged Servitor     Conj/Summ      ######....   95%         7
 Statue Form              Tmut/Erth      ####.....    99%         6
 Fire Storm               Conj/Fire      ######....   100%        9
 Shatter                  Erth           ####......   100%        9


Dungeon Overview and Level Annotations

Branches:
Dungeon (12/15)            Temple (0/1) D:4            Lair (3/6) D:11
 Spider (0/4) Lair:2          Orc (0/2) D:9
  Swamp: Lair:2-4    Shoals: Lair:2-4

Altars:
Cheibriados
Dithmenos
Fedhas
Hepliaklqana
Makhleb
Qazlal
Sif Muna
Trog
Uskayaw
Vehumet
Xom
Zin
The Shining One
Beogh

Shops:
D:11 *

Portals:
Trove: D:11 (give 2 scrolls of acquirement)

Annotations:
Lair:3 TheFalseGod1234's ghost, journeyman GnWz


Message History

The dream sheep bleats!
The cane toad stings you! The cane toad barely misses you.
The moth of wrath goads the cane toad on!
The cane toad goes berserk!
The cane toad closely misses you. The cane toad stings you!!
The moth of wrath goads something on!
You hear a trumpeting!
TheFalseGod1234's ghost casts a spell.
TheFalseGod1234's ghost blinks!
The dream sheep closely misses you. The cane toad misses you.
The elephant rages.
The moth of wrath goads the dream sheep on!
The dream sheep goes berserk!
TheFalseGod1234's ghost casts a spell at you.
The magic dart hits you. The dream sheep bites you. The cane toad misses you.
The dream sheep barely misses you.
The elephant rages.
The cane toad stings you but does no damage.
You block the dream sheep's attack. The cane toad stings you!!
You die...

# #######.#.####P#...P##
###..##...........§Y...##
......#..........#####..#
.##.....####©###..##.#.##
....#####..###.##..##...###
....#....#....y.##.##..#^.##
...##...#...#.hY.#.#.......#
...#......#..##F.#.......#.#
...#..##..©..#Y.@#..#...#.##
...#.....#.....#W##....#.##
...##.##..[###....#.......#
....#....!?$W.#..##...##..#
#...##..#####..###....#..##
#....####.§.####...#.###.##
#.................##.# #..#
##.....#P..#.#[..#...# #.##
#....#.##P.#.##..#..####.#


You could see an elephant (berserk), a moth of wrath, a polar bear, a cane toad
(berserk), a dream sheep (berserk) and TheFalseGod1234's ghost.

Vanquished Creatures
  Gastronok (Lair:3)
  Snorg (Lair:3)
  Harold (D:7)
  Fannar (Lair:2)
  A boulder beetle (D:11)
  2 hydras (Lair:1)
  Erica (Lair:2)
  2 two-headed ogres (D:11)
  The ghost of mhtbhm the Blocker, a novice FoFi of Ashenzari (D:7)
  Urug (Lair:2)
  An orb spider (Lair:2)
  An oklob plant (Lair:2)
  An ugly thing (D:11)
  3 elephants (Lair:3)
  2 centaur zombies
  A black mamba (Lair:3)
  8 cane toads
  A rime drake (Lair:1)
  4 komodo dragons
  3 trolls
  A hornet (D:10)
  Grinder (D:4)
  Prince Ribbit (D:8)
  4 slime creatures (D:10)
  6 blink frogs (Lair:3)
  A dream sheep (Lair:3)
  A spriggan (Lair:3)
  Sigmund (D:4)
  2 wyverns (Lair:3)
  2 basilisks
  41 yaks
  A wraith (D:11)
  A steam dragon (Lair:1)
  5 soldier ants (D:8)
  An acid dragon (D:11)
  8 water moccasins
  7 ice beasts
  13 orc warriors
  4 black bears
  A necrophage (D:11)
  5 wolves
  4 ogres
  4 sky beasts
  3 phantoms
  An eye of draining (D:9)
  A centaur (D:9)
  3 big kobolds
  16 bullfrogs
  A wyvern zombie (D:11)
  A gnoll sergeant (D:7)
  2 scorpions
  3 killer bees (D:10)
  5 wights (D:10)
  4 electric eels
  3 howler monkeys
  A crimson imp (D:7)
  4 bullfrog zombies
  A quasit (D:10)
  2 jellies
  A centaur skeleton (D:5)
  11 orc priests
  9 hounds
  3 bullfrog skeletons
  5 iguanas
  29 worker ants
  13 orc wizards
  2 hound zombies
  Robin (D:4)
  A worker ant zombie (D:11)
  8 gnolls
  14 adders
  4 shadow imps
  4 white imps
  5 ufetubi
  An ooze (D:1)
  2 adder skeletons
  An adder zombie (D:9)
  3 worms
  3 dart slugs
  4 leopard geckos
  66 orcs
  3 bats
  5 giant cockroaches
  10 goblins
  8 hobgoblins
  3 jackals (D:5)
  17 kobolds
  5 quokkas
  A ball python (D:1)
  3 frilled lizards
  A giant cockroach zombie (D:6)
  A jackal skeleton (D:4)
  A jackal zombie (D:5)
  A leopard gecko zombie (D:9)
  A quokka skeleton (D:9)
  10 rats
463 creatures vanquished.

Vanquished Creatures (collateral kills)
  A death yak (Lair:3)
  A queen ant (D:8)
  A killer bee (D:10)
  5 worker ants (D:8)
8 creatures vanquished.

Vanquished Creatures (others)
  73 fungi
  76 plants
149 creatures vanquished.

Grand Total: 620 creatures vanquished

Notes
Turn   | Place    | Note
-------+----------+-------------------------------------------
     0 | D:1      | jiml777 the Deep Elf Air Elementalist began the quest for
                  | the Orb.
     0 | D:1      | Reached XP level 1. HP: 10/10 MP: 6/6
   306 | D:1      | Reached XP level 2. HP: 15/15 MP: 4/8
   935 | D:2      | Noticed a +0 hand axe
   936 | D:2      | Noticed a +0 hand axe
   949 | D:2      | Found a hide-covered altar of Uskayaw.
  1018 | D:2      | Reached XP level 3. HP: 18/19 MP: 4/9
  2012 | D:3      | Found a bloodstained altar of Trog.
  2021 | D:3      | Reached skill level 4 in Spellcasting
  2021 | D:3      | Reached XP level 4. HP: 22/24 MP: 7/12
  2963 | D:3      | HP: 1/24 [gnoll/+0 halberd (15)]
  3089 | D:3      | Reached XP level 5. HP: 28/28 MP: 7/14
  3433 | D:3      | Learned a level 2 spell: Swiftness
  3437 | D:3      | Learned a level 3 spell: Static Discharge
  3442 | D:3      | Learned a level 4 spell: Airstrike
  3547 | D:4      | Noticed Grinder
  3574 | D:4      | Killed Grinder
  3575 | D:4      | Reached skill level 5 in Spellcasting
  3575 | D:4      | Reached skill level 5 in Air Magic
  3575 | D:4      | Reached XP level 6. HP: 32/32 MP: 10/16
  3579 | D:4      | Reached skill level 6 in Spellcasting
  3690 | D:4      | Learned a level 5 spell: Lightning Bolt
  3841 | D:4      | Reached XP level 7. HP: 36/36 MP: 5/18
  4104 | D:4      | Found a shimmering blue altar of Sif Muna.
  4104 | D:4      | Found a glowing silver altar of Zin.
  4108 | D:4      | Became a worshipper of Sif Muna the Loreminder
  4129 | D:4      | Found a staircase to the Ecumenical Temple.
  4135 | D:4      | Reached skill level 7 in Spellcasting
  4640 | D:4      | Noticed Robin
  4645 | D:4      | Killed Robin
  4910 | D:4      | Noticed Sigmund
  4921 | D:4      | Killed Sigmund
  4922 | D:4      | Reached skill level 8 in Spellcasting
  5146 | D:5      | Entered Level 5 of the Dungeon
  5234 | D:5      | Reached XP level 8. HP: 41/41 MP: 1/22
  5424 | D:5      | Reached * piety under Sif Muna
  5667 | D:5      | Reached skill level 9 in Spellcasting
  6843 | D:6      | Identified Zistiloa's Tome of Summoning and Clay
  6878 | D:6      | Found a burning altar of Makhleb.
  6881 | D:6      | Reached skill level 10 in Spellcasting
  7298 | D:6      | Reached skill level 1 in Invocations
  7298 | D:6      | Reached skill level 1 in Evocations
  7631 | D:7      | Found a hazy altar of Hepliaklqana.
  7633 | D:7      | Found a shadowy altar of Dithmenos.
  7692 | D:7      | Found a radiant altar of Vehumet.
  7804 | D:7      | Noticed Harold
  7847 | D:7      | Killed Harold
  7848 | D:7      | Reached XP level 9. HP: 6/45 MP: 11/25
  7995 | D:7      | Reached skill level 11 in Spellcasting
  8573 | D:7      | Found a runed translucent gate.
  8574 | D:7      | Found a runed translucent gate.
  8575 | D:7      | Found a runed translucent gate.
  8575 | D:7      | Found a roughly hewn altar of Beogh.
  8578 | D:7      | Noticed mhtbhm's ghost (novice FoFi)
  8801 | D:7      | Found a burning altar of Makhleb.
  8802 | D:7      | Found a shimmering altar of Xom.
  8804 | D:7      | Reached skill level 5 in Conjurations
  9033 | D:8      | Reached ** piety under Sif Muna
  9229 | D:8      | Found a snail-covered altar of Cheibriados.
 10034 | D:8      | Reached XP level 10. HP: 50/50 MP: 3/27
 10193 | D:8      | Reached skill level 16 in Spellcasting
 10193 | D:8      | Reached XP level 11. HP: 54/54 MP: 27/33
 10194 | D:8      | Reached skill level 1 in Fighting
 10194 | D:8      | Reached skill level 1 in Short Blades
 10194 | D:8      | Reached skill level 1 in Throwing
 10194 | D:8      | Reached skill level 5 in Invocations
 10194 | D:8      | Reached skill level 5 in Evocations
 10194 | D:8      | Reached XP level 12. HP: 61/61 MP: 27/34
 10227 | D:8      | Learned a level 4 spell: Summon Lightning Spire
 10326 | D:8      | Noticed a queen ant
 10354 | D:8      | Killed a queen ant
 10357 | D:8      | Noticed Prince Ribbit
 10657 | D:8      | You fall into a shaft and drop 3 floors!
 10658 | D:11     | Noticed a boulder beetle
 10665 | D:11     | Killed a boulder beetle
 10857 | D:11     | Reached *** piety under Sif Muna
 10947 | D:11     | Found Enomp's General Store.
 10957 | D:11     | Bought a potion of might for 48 gold pieces
 10957 | D:11     | Bought a scroll of magic mapping for 42 gold pieces
 10957 | D:11     | Bought a scroll of identify for 24 gold pieces
 11126 | D:11     | Noticed a two-headed ogre
 11340 | D:11     | Killed a two-headed ogre
 11558 | D:10     | Entered Level 10 of the Dungeon
 12624 | D:10     | Reached **** piety under Sif Muna
 13449 | D:10     | Reached skill level 17 in Spellcasting
 13748 | D:10     | Learned a level 2 spell: Blink
 13751 | D:10     | Learned a level 2 spell: Slow
 14151 | D:9      | Reached skill level 10 in Air Magic
 15461 | D:9      | Found a staircase to the Orcish Mines.
 15679 | D:9      | Found a blossoming altar of Fedhas.
 15683 | D:9      | Found a stormy altar of Qazlal.
 15702 | D:9      | Reached ***** piety under Sif Muna
 15702 | D:9      | Identified Sif Muna's Disquisition on the Excruciating
                  | Rocks (Sif Muna gifted it to you on level 9 of the Dungeon)
 15702 | D:9      | Received a gift from Sif Muna
 15713 | D:9      | Learned a level 6 spell: Conjure Ball Lightning
 15919 | D:8      | Killed Prince Ribbit
 16409 | D:8      | Found a glowing golden altar of the Shining One.
 17884 | D:11     | Reached XP level 13. HP: 65/65 MP: 7/36
 18021 | D:11     | Bought a potion of heal wounds for 60 gold pieces
 18185 | D:11     | Found a staircase to the Lair.
 19150 | D:11     | Found a portal to a secret trove of treasure.
 19230 | Lair:1   | Entered Level 1 of the Lair of Beasts
 20034 | Lair:1   | Reached skill level 18 in Spellcasting
 21365 | Lair:2   | Found a hole to the Spider Nest.
 21453 | Lair:2   | Noticed Urug
 21555 | Lair:2   | Killed Urug
 21635 | Lair:2   | Noticed Fannar
 21638 | Lair:2   | Killed Fannar
 22315 | Lair:2   | Noticed Erica
 22321 | Lair:2   | Killed Erica
 22917 | Lair:3   | Noticed Gastronok
 22934 | Lair:3   | Killed Gastronok
 23151 | Lair:3   | Found a transporter.
 23163 | Lair:3   | Found a transporter.
 23169 | Lair:3   | Noticed TheFalseGod1234's ghost (journeyman GnWz)
 23299 | Lair:3   | Found a bloodstained altar of Trog.
 23487 | Lair:3   | Reached skill level 19 in Spellcasting
 24088 | D:7      | Reached XP level 14. HP: 40/70 MP: 13/39
 24098 | D:7      | Killed mhtbhm's ghost
 24266 | D:7      | Got a blackened cloak
 24276 | D:7      | Identified the +1 cloak "Usaass" {SInv} (You found it on
                  | level 7 of the Dungeon)
 24665 | Lair:3   | Noticed Snorg
 24713 | Lair:3   | Killed Snorg
 24999 | Lair:3   | Got a bloodstained plate armour
 25009 | Lair:3   | Identified the +3 plate armour of the Pink Corner {rElec
                  | rC+ Str+4 Slay-3} (You found it on level 3 of the Lair of
                  | Beasts)
 25561 | Lair:3   | Slain by a cane toad

Illustrated notes

Levels and vault maps discovered:
D:1:      saegor_arrival_simple_b, layout_basic
D:2:      layout_loops_corners, dancing_weapons_uskayaw
D:3:      minmay_wonky_spiral, layout_basic, overflow_temple_1_default
D:4:      layout_loops_ring, gammafunk_temple_overflow_elements,
          minmay_temple_entry_waves, minmay_misc_feat_enclosed, uniq_sigmund,
          uniq_grinder, uniq_robin
D:5:      layout_gridville, minmay_quadrilaterals
D:6:      layout_basic, basic_altar, st_stairs_7
D:7:      layout_basic, grunt_temple_overflow_champion_of_chaos,
          riverfiend_overflow_shadow_ancestor, vehumet_altar_wand_db,
          biasface_ghost_orc_armoury, serial_bayou_lagoon_b, uniq_harold
D:8:      layout_basic, cheibriados_altar_1, marbit_many_paths,
          serial_park_tiny_2, zaba_antful_of_joy, uniq_prince_ribbit1
D:9:      layout_loops_corners, grunt_temple_overflow_forces_of_nature,
          erik_orc_2, st_stairs_10
D:10:     layout_loops_cross, enter_bailey_5, minmay_misc_feat_doors
D:11:     layout_loops_cross, due_lair_maze_entry_diamond, serial_shops, shop,
          nicolae_trove_entry_diagonal
D:12:     layout_roguey, serial_shops, kennysheep_mini_moat, fungi_pond_lemuel,
          uniq_psyche
Lair:1:   layout_roguey, grunt_megastairs_2, serial_bayou_shore_b
Lair:2:   layout_small_grid, nicolae_spider_entry_orb_guardian, uniq_fannar,
          uniq_erica, uniq_urug
Lair:3:   layout_loops_ring, basic_altar, gammafunk_ghost_berserking_beasts,
          grunt_forest_large_clearing_hut, uniq_snorg, uniq_gastronok

Skill      XL: |  1  2  3  4  5  6  7  8  9 10 11 12 13 14 |
---------------+-------------------------------------------+-----
Stealth        | 3 4 |  4.8
Spellcasting   | 4 5 6 8 10 11 16 17 19 | 19.2
Air Magic      | 4 5 6 8 9 10 12 | 12.2
Conjurations   | 2 3 4 5 7 8 |  8.3
Invocations    | 2 3 5 6 7 8 |  8.0
Evocations     | 2 3 5 6 7 8 |  8.0
Dodging        | 3 |  3.0
Fighting       | 1 |  1.5
Short Blades   | 1 |  1.7
Bows           | 2 |  2.4
Throwing       | 1 |  1.7
Hexes          | 2 |  2.4
Summonings     | 2 |  2.3
Necromancy     | 2 |  2.2
Translocations | 2 |  2.0
Fire Magic     | 2 |  2.0
Ice Magic      | 2 |  2.0

Action                   |  1- 3 |  4- 6 |  7- 9 | 10-12 | 13-15 || total
-------------------------+-------+-------+-------+-------+-------++-------
Melee: Dagger            |       |       |    16 |    12 |     1 ||    29
 Cast: Shock             |    80 |    83 |    28 |    18 |    12 ||   221
       Airstrike         |       |    12 |   149 |   285 |   196 ||   642
       Swiftness         |       |       |     2 |     2 |     4 ||     8
       Static Discharge  |       |       |     1 |       |       ||     1
       Lightning Bolt    |       |       |       |    19 |    71 ||    90
       Summon Lightning  |       |       |       |     5 |     3 ||     8
       Blink             |       |       |       |     1 |     2 ||     3
Invok: Channel Magic     |       |       |       |     1 |    11 ||    12
Evoke: Wand              |       |       |     3 |       |       ||     3
  Use: Scroll            |       |     6 |    16 |     5 |     3 ||    30
       Potion            |       |     2 |     4 |     6 |     3 ||    15
Armor: Robe              |     2 |     1 |    10 |    25 |    20 ||    58
       Skin              |       |       |    26 |       |       ||    26
Dodge: Dodged            |    19 |    23 |    42 |    98 |    88 ||   270
Block: Buckler           |       |       |       |       |     1 ||     1

Table legend: (Time is in decaauts)
 A = Elapsed time spent in this place.
 B = Non-inter-level travel time spent in this place.
 C = Inter-level travel time spent in this place.
 D = Time resting spent in this place.
 E = Time spent auto-exploring this place.
 F = Levels seen in this place.
 G = Mean time per level.
                   A        B        C        D        E       F      G
               +--------+--------+--------+--------+--------+-----+--------+
         Total |  25521 |  24518 |   1003 |  13064 |   6752 |  15 | 1701.4 |
       Dungeon |  20082 |  19195 |    887 |  10113 |   5275 |  12 | 1673.5 |
          Lair |   5438 |   5322 |    116 |   2951 |   1477 |   3 | 1812.7 |
               +--------+--------+--------+--------+--------+-----+--------+

Top non-repeatable levels by time:
     D:9: 2877 daAuts
    D:10: 2867 daAuts
    D:11: 2663 daAuts
     D:8: 2062 daAuts
     D:7: 2016 daAuts
  Lair:1: 1989 daAuts
  Lair:3: 1956 daAuts
     D:4: 1600 daAuts
     D:3: 1538 daAuts
  Lair:2: 1492 daAuts
     D:5: 1311 daAuts
     D:6: 1131 daAuts
     D:2: 1073 daAuts
     D:1: 933 daAuts
    D:12: 6 daAuts
